 Dungeon Crawl Stone Soup version 0.31-a0-232-gb1c03b2570 (webtiles) character file.

Game seed: 14040616426842312438

22 Morbidden the Sneak (level 2, -3/19 HPs)
             Began as an Octopode Brigand on July 7, 2023.
             Slain by Terence
             ... wielding a +0 flail of holy wrath
              (9 damage)
             ... on level 2 of the Dungeon.
             The game lasted 00:01:13 (859 turns).

Morbidden the Sneak (Octopode Brigand)               Turns: 859, Time: 00:01:13

Health: -3/19      AC:  1    Str: 10    XL:     2   Next: 91%
Magic:  2/2        EV: 13    Int: 13    God:
Gold:   72         SH:  0    Dex: 13    Spells: 2/2 levels left

rFire   + . .        b - +0 short sword (venom)
rCold   + + .        (no shield)
rNeg    . . .        (helmet restricted)
rPois   +            (no amulet)
rElec   +            m - ring of protection from cold
rCorr   +            (no ring)
SInv    .            (no ring)
Will    .....        (no ring)
Stlth   ++++         (no ring)
HPRegen 0.23/turn    (no ring)
MPRegen 0.08/turn    (no ring)
                     (no ring)

%: no passive effects
@: brilliant, resistant
A: almost no armour, amphibious, 8 rings, camouflage 1, gelatinous body 1,
(nimble swimmer 1), tentacles
a: no special abilities


You were on level 2 of the Dungeon.
You visited 1 branch of the dungeon, and saw 2 of its levels.

You collected 72 gold pieces.

Inventory:

Hand Weapons
 a - a +2 dagger
 b - a +0 short sword of venom (weapon)
Missiles
 c - 3 curare-tipped darts
 l - 12 poisoned darts (quivered)
Jewellery
 m - a ring of protection from cold (left tentacle)
Scrolls
 h - a scroll of silence {unknown}
 n - a scroll of identify {unknown}
 q - a scroll of revelation {unknown}
Potions
 e - a potion of attraction {unknown}
 f - a potion of heal wounds {unknown}
 g - a potion of mutation {unknown}
 i - a potion of curing {unknown}
 j - a potion of degeneration {unknown}
 k - a potion of brilliance
 o - a potion of haste {unknown}
 p - a potion of invisibility {unknown}


   Skills:
 * Level 2.1 Fighting
 * Level 2.1 Short Blades
 * Level 0.4(1.3) Long Blades
 + Level 2.0 Throwing
 * Level 1.2 Dodging
 * Level 5.9 Stealth
 * Level 0.6 Spellcasting


You had 2 spell levels left.
You didn't know any spells.
Your spell library was empty.

Dungeon Overview and Level Annotations

Branches:
Dungeon (2/15)

Altars:

Annotations:
D:2 Terence


Innate Abilities, Weirdness & Mutations

You cannot wear most types of armour.
You are amphibious.
You can wear up to eight rings at the same time.
Your skin changes colour to match your surroundings (Stealth+).
Your rubbery body absorbs attacks. (AC +1, EV +1)
((You are camouflaged when in or above water. (Stealth+)))
You have tentacles for arms and can constrict up to eight enemies at once.


Message History

A rat is nearby!
The rat barely misses you.
You closely miss the rat. You grab the rat. You constrict the rat.
The rat bites you.
A rat is nearby!
You hit the rat.
You kill the rat!
No target in view!
A goblin comes into view. It is wielding a +0 dagger of speed.
The goblin shouts!
You hear a shout!
Terence the Incautious comes into view.
He is wielding a +0 flail of holy wrath and wearing a +1 scale mail of fire resistance.
There are monsters nearby!
You closely miss the goblin. You grab the goblin. You squeeze the goblin.
You kill the goblin!
Terence is nearby!
Found a scale mail and an encrusted copper wand.
An adder comes into view.
Terence hits you with a +0 flail of holy wrath!
Ouch! That really hurt!
Things that are here:
a +0 dagger of speed; a goblin corpse You are too injured to fight recklessly!
There are monsters nearby!
You are too injured to fight recklessly!
Unknown command.
Unknown command.
You aren't carrying any items that you can evoke.
Unknown command.
Okay, then.
Press: ? - help, v - describe, . - travel
Here: Terence, wielding a +0 flail of holy wrath and wearing a +1 scale mail of fire resistance The floor.
It was a potion of brilliance.
You feel clever all of a sudden. Terence closely misses you.
Unknown command.
It was a potion of resistance.
You feel protected.
Terence hits you with a +0 flail of holy wrath!
You die...

#..#.#..............#
#..#.#.####..#.###>##
#......# #..#.# #.#
##....#####..#.###.#
#..........>... .#
#....#####..#..
#...........#..
##.#######.## #. #@#
#. #@# #. #.. ###. [.
#. ./ ..


You could see Terence.

Vanquished Creatures
  A bat (D:1)
  2 endoplasms
  A giant cockroach (D:2)
  3 goblins
  3 hobgoblins (D:2)
  A kobold (D:2)
  A quokka (D:2)
  2 ball pythons (D:1)
  5 rats
19 creatures vanquished.

Notes
Turn   | Place    | Note
-------+----------+-------------------------------------------
     0 | D:1      | Morbidden the Octopode Brigand began the quest for the Orb.
     0 | D:1      | Reached XP level 1. HP: 14/14 MP: 1/1
   222 | D:1      | Reached XP level 2. HP: 19/19 MP: 2/2
   855 | D:2      | Noticed Terence
   859 | D:2      | Slain by Terence

Illustrated notes

Levels and vault maps discovered:
D:1:      scummos_arrival_simple_crosswalls, layout_rooms,
          minmay_misc_feat_ornament
D:2:      layout_loops_ring, serial_rivers, chequers_serial_rivers_micro_a,
          chequers_serial_rivers_small_b, chequers_serial_rivers_micro_c,
          chequers_serial_rivers_large_b, uniq_terence

Action                     || total
---------------------------++-------
  Melee: Dagger            ||     9
         Constrict         ||     7
         Tentacles         ||     6
         Short sword       ||    13
    Use: Potion            ||     2
   Stab: Sleeping          ||    10
 Armour: Skin              ||     1
  Dodge: Dodged            ||     4

Table legend: (Time is in decaauts)
 A = Elapsed time spent in this place.
 B = Non-inter-level travel time spent in this place.
 C = Inter-level travel time spent in this place.
 D = Time resting spent in this place.
 E = Time spent auto-exploring this place.
 F = Levels seen in this place.
 G = Mean time per level.
                   A        B        C        D        E       F      G
               +--------+--------+--------+--------+--------+-----+--------+
         Total |    855 |    844 |     11 |      0 |    710 |   2 |  427.5 |
       Dungeon |    855 |    844 |     11 |      0 |    710 |   2 |  427.5 |
               +--------+--------+--------+--------+--------+-----+--------+

Top non-repeatable levels by time:
     D:1: 482 daAuts
     D:2: 372 daAuts
